| TOP OF THE 1ST |
|
Round Rock Express batting - Pitching for Pawtucket Red Sox : RHP Justin Stinson
|
|
Pitching: RHP Justin Stinson
|
|
|
Batting: LHB Jody Hudson
|
0-0: Ball 1-0: Called Strike 1-1: Swinging Strike 1-2: Ground out 6-3 (Groundball, 6S, EV 70.6 MPH)
|
|
Batting: RHB Chris Torlak
|
0-0: Called Strike 0-1: Called Strike 0-2: Ball 1-2: DOUBLE (Flyball, 78XD, EV 98.1 MPH)
|
|
Batting: LHB Josh Stuck
|
0-0: Foul Ball, location: 2F 0-1: Ball 1-1: Ball 2-1: Ground out 4-3 (Groundball, 4, EV 101.2 MPH) Chris Torlak to third
|
|
Batting: RHB Mike Quackenbush
|
0-0: DOUBLE (Flyball, 78XD, EV 94.4 MPH) Chris Torlak scores
|
|
Batting: RHB Trevor Mock
|
0-0: Ball 1-0: Fly out, F9 (Flyball, 9LM, EV 88.8 MPH)
|
| Top of the 1st over - 1 run, 2 hits, 0 errors, 1 left on base; Round Rock 1 - Pawtucket 0 |
| BOTTOM OF THE 1ST |
|
Pawtucket Red Sox batting - Pitching for Round Rock Express : RHP Andy Zecher
|
|
Pitching: RHP Andy Zecher
|
|
|
Batting: SHB Ben Ervin
|
0-0: SINGLE (Groundball, 34D, EV 105.0 MPH)
|
|
Batting: RHB Brandon Perris
|
0-0: Called Strike 0-1: Fly out, F8 (Flyball, 8RD, EV 98.1 MPH)
|
|
Batting: RHB Roberto Morales
|
0-0: Called Strike 0-1: Foul Ball, location: 2F 0-2: Ball 1-2: Strikes out swinging Ben Ervin is caught stealing 2nd base 2-4 Batter strikes out.
|
| Bottom of the 1st over - 0 runs, 1 hit, 0 errors, 0 left on base; Round Rock 1 - Pawtucket 0 |
| TOP OF THE 2ND |
|
Round Rock Express batting - Pitching for Pawtucket Red Sox : RHP Justin Stinson
|
|
Batting: RHB Jorge Benites
|
0-0: Ball 1-0: Called Strike 1-1: Foul Ball, location: 2F 1-2: Ball 2-2: Ground out 4-3 (Groundball, 4, EV 89.4 MPH)
|
|
Batting: RHB Adryão Anto
|
0-0: Ball 1-0: Ball 2-0: Ball 3-0: Called Strike 3-1: Swinging Strike 3-2: Ground out U3 (Groundball, 34, EV 105.0 MPH)
|
|
Batting: RHB Ivan Colon
|
0-0: Called Strike 0-1: Foul Ball, location: 2F 0-2: SOLO HOME RUN (Flyball, 78XD, EV 97.5 MPH), Distance : 385 ft
|
|
Batting: RHB Jeremy Boerman
|
0-0: Ball 1-0: SOLO HOME RUN (Flyball, 7D, EV 94.4 MPH), Distance : 361 ft
|
|
Batting: LHB Jody Hudson
|
0-0: Foul Ball, location: 2F 0-1: Ball 1-1: SINGLE (Line Drive, 34D, EV 98.8 MPH)
|
|
Batting: RHB Chris Torlak
|
0-0: Ball 1-0: Called Strike 1-1: Foul Ball, location: 2F 1-2: Ball Jody Hudson steals 2nd base 2-2: Ground out 5-3 (Groundball, 56, EV 84.4 MPH)
|
| Top of the 2nd over - 2 runs, 3 hits, 0 errors, 1 left on base; Round Rock 3 - Pawtucket 0 |
| BOTTOM OF THE 2ND |
|
Pawtucket Red Sox batting - Pitching for Round Rock Express : RHP Andy Zecher
|
|
Batting: LHB Frank Olivo
|
0-0: Ball 1-0: Swinging Strike 1-1: Ball 2-1: Foul Ball, location: 2F 2-2: Ball 3-2: Strikes out swinging
|
|
Batting: RHB John Chiesa
|
0-0: Called Strike 0-1: Ball 1-1: Called Strike 1-2: SINGLE (Groundball, 5L, EV 84.4 MPH) (infield hit)
|
|
Batting: RHB Carlos Nolasco
|
0-0: Ball 1-0: Ball John Chiesa steals 2nd base 2-0: Fly out, F8 (Flyball, 78D, EV 106.9 MPH)
|
|
Batting: LHB Julian Toney
|
0-0: Ball 1-0: Foul Ball, location: 2F 1-1: Swinging Strike 1-2: DOUBLE (Flyball, 8RXD, EV 105.0 MPH) John Chiesa scores
|
|
Batting: RHB Sal Rivera
|
0-0: Ball 1-0: Foul Ball, location: 2F 1-1: Ball 2-1: Ball 3-1: Base on Balls
|
|
Batting: RHB Joe Evrard
|
0-0: Ball 1-0: Ball 2-0: Foul Ball, location: 2F 2-1: Fielders Choice at 2nd, 6-4 (Groundball, 6, EV 88.8 MPH)
|
| Bottom of the 2nd over - 1 run, 2 hits, 0 errors, 2 left on base; Round Rock 3 - Pawtucket 1 |
| TOP OF THE 3RD |
|
Round Rock Express batting - Pitching for Pawtucket Red Sox : RHP Justin Stinson
|
|
Batting: LHB Josh Stuck
|
0-0: Ball 1-0: SINGLE (Line Drive, 6D, EV 96.9 MPH)
|
|
Batting: RHB Mike Quackenbush
|
0-0: Called Strike Josh Stuck steals 2nd base 0-1: Ball 1-1: Ground out 4-3 (Groundball, 4, EV 96.2 MPH) Josh Stuck to third
|
|
Batting: RHB Trevor Mock
|
0-0: Ball 1-0: Ball 2-0: SINGLE (Line Drive, 7LS, EV 111.2 MPH) Josh Stuck scores
|
|
Batting: RHB Jorge Benites
|
0-0: Called Strike 0-1: DOUBLE (Groundball, 5L, EV 94.4 MPH) Trevor Mock to third Runner from 3rd tries for Home, SAFE, no throw by LF
|
|
Pinch Runner at 2nd Martin Guerrero:
|
|
|
Batting: RHB Adryão Anto
|
0-0: Ball 1-0: SINGLE (Groundball, 4MD, EV 96.9 MPH) Martin Guerrero to third
|
|
Pitching: LHP Eric Del Sordo
|
|
|
Batting: RHB Ivan Colon
|
0-0: Ball 1-0: Swinging Strike 1-1: Ball 2-1: Ball 3-1: Called Strike 3-2: Base on Balls Adryão Anto to second
|
|
Batting: RHB Jeremy Boerman
|
0-0: Ball Wild Pitch! Martin Guerrero scores Adryão Anto to third Ivan Colon to second 1-0: Called Strike 1-1: Ball 2-1: Called Strike 2-2: Foul Ball, location: 2F 2-2: Strikes out swinging
|
|
Batting: LHB Jody Hudson
|
0-0: Fly out, F8 (Line Drive, 8LD, EV 106.9 MPH)
|
| Top of the 3rd over - 3 runs, 4 hits, 0 errors, 2 left on base; Round Rock 6 - Pawtucket 1 |
| BOTTOM OF THE 3RD |
|
Pawtucket Red Sox batting - Pitching for Round Rock Express : RHP Andy Zecher
|
|
Now in LF: Martin Guerrero
|
|
|
Batting: SHB Ben Ervin
|
0-0: Called Strike 0-1: Ball 1-1: Foul Ball, location: 2F 1-2: Foul Ball, location: 2F 1-2: Ball 2-2: Fly out, F8 (Flyball, 8RS, EV 89.4 MPH)
|
|
Batting: RHB Brandon Perris
|
0-0: Ball 1-0: Foul Ball, location: 2F 1-1: Swinging Strike 1-2: Ball 2-2: Strikes out swinging
|
|
Batting: RHB Roberto Morales
|
0-0: Foul Ball, location: 2F 0-1: Swinging Strike 0-2: Ball 1-2: Ball 2-2: Ball 3-2: Strikes out swinging
|
| Bottom of the 3rd over - 0 runs, 0 hits, 0 errors, 0 left on base; Round Rock 6 - Pawtucket 1 |
| TOP OF THE 4TH |
|
Round Rock Express batting - Pitching for Pawtucket Red Sox : LHP Eric Del Sordo
|
|
Batting: RHB Chris Torlak
|
0-0: Ball 1-0: Swinging Strike 1-1: Swinging Strike 1-2: Foul Ball, location: 2F 1-2: Strikes out swinging
|
|
Batting: LHB Josh Stuck
|
0-0: Called Strike 0-1: Swinging Strike 0-2: Ball 1-2: Ball 2-2: Strikes out swinging
|
|
Batting: RHB Mike Quackenbush
|
0-0: Ball 1-0: Swinging Strike 1-1: Ground out 4-3 (Groundball, 4, EV 84.4 MPH)
|
| Top of the 4th over - 0 runs, 0 hits, 0 errors, 0 left on base; Round Rock 6 - Pawtucket 1 |
| BOTTOM OF THE 4TH |
|
Pawtucket Red Sox batting - Pitching for Round Rock Express : RHP Andy Zecher
|
|
Batting: LHB Frank Olivo
|
0-0: Swinging Strike 0-1: Ball 1-1: Ball 2-1: Ball 3-1: Foul Ball, location: 2F 3-2: Strikes out swinging
|
|
Batting: RHB John Chiesa
|
0-0: Fly out, F8 (Flyball, 8RXD, EV 93.8 MPH)
|
|
Batting: RHB Carlos Nolasco
|
0-0: Foul Ball, location: 2F 0-1: Ball 1-1: DOUBLE (Flyball, 78XD, EV 106.9 MPH)
|
|
Batting: LHB Julian Toney
|
0-0: Called Strike 0-1: Foul Ball, location: 2F 0-2: Ball 1-2: Ball 2-2: Fly out, F9 (Flyball, 9D, EV 90.6 MPH)
|
| Bottom of the 4th over - 0 runs, 1 hit, 0 errors, 1 left on base; Round Rock 6 - Pawtucket 1 |
| TOP OF THE 5TH |
|
Round Rock Express batting - Pitching for Pawtucket Red Sox : LHP Eric Del Sordo
|
|
Batting: RHB Trevor Mock
|
0-0: SOLO HOME RUN (Flyball, 7D, EV 95.0 MPH), Distance : 362 ft
|
|
Batting: RHB Martin Guerrero
|
0-0: Called Strike 0-1: Ball 1-1: Ball 2-1: Swinging Strike 2-2: Foul Ball, location: 2F 2-2: Ball 3-2: Foul Ball, location: 2F 3-2: Base on Balls
|
|
Batting: RHB Adryão Anto
|
0-0: Swinging Strike 0-1: Ball 1-1: Foul Ball, location: 2F 1-2: Ball 2-2: Strikes out looking
|
|
Batting: RHB Ivan Colon
|
0-0: Ball 1-0: Ball 2-0: Ball 3-0: Called Strike 3-1: Called Strike 3-2: Base on Balls Martin Guerrero to second
|
|
Batting: RHB Jeremy Boerman
|
0-0: Called Strike 0-1: Swinging Strike 0-2: Strikes out swinging
|
|
Batting: LHB Jody Hudson
|
0-0: Ball 1-0: Ball 2-0: Foul Ball, location: 2F 2-1: Ground out 6-3 (Groundball, P, EV 80.6 MPH)
|
| Top of the 5th over - 1 run, 1 hit, 0 errors, 2 left on base; Round Rock 7 - Pawtucket 1 |
| BOTTOM OF THE 5TH |
|
Pawtucket Red Sox batting - Pitching for Round Rock Express : RHP Andy Zecher
|
|
Batting: RHB Sal Rivera
|
0-0: Foul Ball, location: 2F 0-1: Foul Ball, location: 2F 0-2: Foul Ball, location: 2F 0-2: Ball 1-2: Foul Ball, location: 2F 1-2: Strikes out swinging
|
|
Batting: RHB Joe Evrard
|
0-0: Foul Ball, location: 2F 0-1: Ball 1-1: Foul Ball, location: 2F 1-2: Ground out 6-3 (Groundball, 6, EV 108.8 MPH)
|
|
Batting: SHB Ben Ervin
|
0-0: Ball 1-0: Fly out, F8 (Flyball, 8RD, EV 83.1 MPH)
|
| Bottom of the 5th over - 0 runs, 0 hits, 0 errors, 0 left on base; Round Rock 7 - Pawtucket 1 |
| TOP OF THE 6TH |
|
Round Rock Express batting - Pitching for Pawtucket Red Sox : LHP Eric Del Sordo
|
|
Batting: RHB Chris Torlak
|
0-0: Ball 1-0: Ground out 6-3 (Groundball, 6, EV 83.1 MPH)
|
|
Batting: LHB Josh Stuck
|
0-0: Ball 1-0: Called Strike 1-1: Ball 2-1: Called Strike 2-2: DOUBLE (Line Drive, 7LS, EV 96.2 MPH)
|
|
Pitching: RHP Jose Escobar
|
|
|
Batting: RHB Mike Quackenbush
|
0-0: Ball 1-0: Ball 2-0: Swinging Strike 2-1: Foul Ball, location: 2F 2-2: Strikes out swinging
|
|
Batting: RHB Trevor Mock
|
0-0: Ball 1-0: Foul Ball, location: 2F 1-1: Called Strike 1-2: Foul Ball, location: 2F 1-2: Strikes out looking
|
| Top of the 6th over - 0 runs, 1 hit, 0 errors, 1 left on base; Round Rock 7 - Pawtucket 1 |
| BOTTOM OF THE 6TH |
|
Pawtucket Red Sox batting - Pitching for Round Rock Express : RHP Andy Zecher
|
|
Batting: RHB Brandon Perris
|
0-0: Swinging Strike 0-1: Ball 1-1: Called Strike 1-2: Ball 2-2: Foul Ball, location: 2F 2-2: Ball 3-2: Strikes out swinging
|
|
Batting: RHB Roberto Morales
|
0-0: Foul Ball, location: 2F 0-1: Foul Ball, location: 2F 0-2: Foul Ball, location: 2F 0-2: Foul Ball, location: 2F 0-2: Foul Ball, location: 2F 0-2: Ball 1-2: Ball 2-2: Foul Ball, location: 2F 2-2: Ball 3-2: Fly out, F8 (Line Drive, 8RD, EV 109.4 MPH)
|
|
Batting: LHB Frank Olivo
|
0-0: Foul Ball, location: 2F 0-1: Ball 1-1: Ball 2-1: SINGLE (Groundball, 34D, EV 96.2 MPH)
|
|
Batting: RHB John Chiesa
|
Pickoff Throw to First - Out! 1-3
|
| Bottom of the 6th over - 0 runs, 1 hit, 0 errors, 0 left on base; Round Rock 7 - Pawtucket 1 |
| TOP OF THE 7TH |
|
Round Rock Express batting - Pitching for Pawtucket Red Sox : RHP Jose Escobar
|
|
Batting: RHB Martin Guerrero
|
0-0: Called Strike 0-1: SOLO HOME RUN (Flyball, 7LD, EV 93.1 MPH), Distance : 342 ft
|
|
Batting: RHB Adryão Anto
|
0-0: Ball 1-0: Foul Ball, location: 2F 1-1: Swinging Strike 1-2: Ball 2-2: Strikes out looking
|
|
Batting: RHB Ivan Colon
|
0-0: Called Strike 0-1: Ball 1-1: Ball 2-1: SINGLE (Groundball, 4MD, EV 105.0 MPH)
|
|
Batting: RHB Jeremy Boerman
|
0-0: Ball 1-0: DOUBLE (Flyball, 78D, EV 89.4 MPH) Ivan Colon to third
|
|
Batting: LHB Jody Hudson
|
0-0: Called Strike 0-1: Ball 1-1: Called Strike 1-2: Strikes out swinging
|
|
Batting: RHB Chris Torlak
|
0-0: Ball 1-0: SINGLE (Flyball, 8RS, EV 91.2 MPH) Ivan Colon scores Jeremy Boerman to third Runner from 3rd tries for Home, SAFE, throw by CF to home
|
|
Batting: LHB Josh Stuck
|
0-0: Ground out 4-3 (Groundball, 4, EV 105.6 MPH)
|
| Top of the 7th over - 3 runs, 4 hits, 0 errors, 1 left on base; Round Rock 10 - Pawtucket 1 |
| BOTTOM OF THE 7TH |
|
Pawtucket Red Sox batting - Pitching for Round Rock Express : RHP Andy Zecher
|
|
Batting: RHB John Chiesa
|
0-0: Ball 1-0: Foul Ball, location: 2F 1-1: Called Strike 1-2: Fly out, F9 (Line Drive, 9S, EV 90.6 MPH)
|
|
Batting: RHB Carlos Nolasco
|
0-0: Ground out 6-3 (Groundball, 6M, EV 100.0 MPH)
|
|
Batting: LHB Julian Toney
|
0-0: Swinging Strike 0-1: SINGLE (Line Drive, 89S, EV 108.1 MPH)
|
|
Pitching: RHP Kurt Vitta
|
|
|
Batting: RHB Sal Rivera
|
0-0: Ball 1-0: Swinging Strike 1-1: Ball Julian Toney steals 2nd base (no throw) 2-1: Ball 3-1: Called Strike 3-2: Base on Balls
|
|
Batting: RHB Joe Evrard
|
0-0: Foul Ball, location: 2F 0-1: Foul Ball, location: 2F 0-2: Ball 1-2: Ball 2-2: Foul Ball, location: 2F 2-2: Foul Ball, location: 2F 2-2: Foul Ball, location: 2F 2-2: Strikes out swinging
|
| Bottom of the 7th over - 0 runs, 1 hit, 0 errors, 2 left on base; Round Rock 10 - Pawtucket 1 |
| TOP OF THE 8TH |
|
Round Rock Express batting - Pitching for Pawtucket Red Sox : RHP Jose Escobar
|
|
Batting: RHB Mike Quackenbush
|
0-0: Called Strike 0-1: Ground out 4-3 (Groundball, 4, EV 84.4 MPH)
|
|
Batting: RHB Trevor Mock
|
0-0: Ball 1-0: Called Strike 1-1: Ball 2-1: Ball 3-1: Swinging Strike 3-2: Base on Balls
|
|
Batting: RHB Martin Guerrero
|
0-0: Foul Ball, location: 2F 0-1: Called Strike 0-2: Strikes out swinging
|
|
Batting: RHB Adryão Anto
|
0-0: Ball 1-0: Foul Ball, location: 2F 1-1: Ball 2-1: Ball 3-1: Ground out 4-3 (Groundball, 4, EV 90.6 MPH)
|
| Top of the 8th over - 0 runs, 0 hits, 0 errors, 1 left on base; Round Rock 10 - Pawtucket 1 |
| BOTTOM OF THE 8TH |
|
Pawtucket Red Sox batting - Pitching for Round Rock Express : RHP Kurt Vitta
|
|
Batting: SHB Ben Ervin
|
0-0: Ball 1-0: Ball 2-0: Called Strike 2-1: SINGLE (Groundball, 25, EV 70.6 MPH) (infield hit)
|
|
Batting: RHB Brandon Perris
|
0-0: Ball 1-0: Foul Ball, location: 2F 1-1: Swinging Strike 1-2: Strikes out looking
|
|
Batting: RHB Roberto Morales
|
0-0: Ball 1-0: Ball 2-0: Ball 3-0: Base on Balls Ben Ervin to second
|
|
Batting: LHB Frank Olivo
|
0-0: Ball 1-0: Called Strike 1-1: Ball 2-1: Ball 3-1: Foul Ball, location: 2F 3-2: SINGLE (Line Drive, 8RS, EV 100.6 MPH) Ben Ervin to third Roberto Morales to second Runner from 3rd tries for Home, SAFE, throw by CF to home
|
|
Batting: RHB John Chiesa
|
0-0: Hit by Pitch Roberto Morales to third Frank Olivo to second
|
|
Batting: RHB Carlos Nolasco
|
0-0: Fly out, F8 (Flyball, 78D, EV 93.1 MPH)
|
|
Batting: LHB Julian Toney
|
0-0: Ball 1-0: Called Strike 1-1: Ball 2-1: Foul Ball, location: 2F 2-2: Strikes out looking
|
| Bottom of the 8th over - 1 run, 2 hits, 0 errors, 3 left on base; Round Rock 10 - Pawtucket 2 |
| TOP OF THE 9TH |
|
Round Rock Express batting - Pitching for Pawtucket Red Sox : RHP Jose Escobar
|
|
Pitching: RHP Jim Whiteman
|
|
|
Pinch Hitting: LHB Zion Davidson
|
0-0: SINGLE (Groundball, 34, EV 99.4 MPH)
|
|
Batting: RHB Jeremy Boerman
|
0-0: Ball 1-0: Called Strike 1-1: Called Strike 1-2: Ball 2-2: Ball 3-2: Strikes out looking Zion Davidson is caught stealing 2nd base 2-4 Batter strikes out.
|
|
Batting: LHB Jody Hudson
|
0-0: Ball 1-0: Ball 2-0: Called Strike 2-1: Ground out U3 (Groundball, 3L, EV 104.4 MPH)
|
| Top of the 9th over - 0 runs, 1 hit, 0 errors, 0 left on base; Round Rock 10 - Pawtucket 2 |
| BOTTOM OF THE 9TH |
|
Pawtucket Red Sox batting - Pitching for Round Rock Express : RHP Kurt Vitta
|
|
Now at 2B: Martin Guerrero
|
|
|
Now in LF: Zion Davidson
|
|
|
Batting: RHB Sal Rivera
|
0-0: Fly out, F8 (Flyball, 8LXD, EV 88.1 MPH)
|
|
Batting: RHB Joe Evrard
|
0-0: Called Strike 0-1: Ball 1-1: Foul Ball, location: 2F 1-2: Foul Ball, location: 2F 1-2: Ball 2-2: Strikes out swinging
|
|
Batting: SHB Ben Ervin
|
0-0: Foul Ball, location: 2F 0-1: Ball 1-1: Ball 2-1: Foul Ball, location: 2F 2-2: Ground out 5-3 (Groundball, 56, EV 88.8 MPH)
|
| Bottom of the 9th over - 0 runs, 0 hits, 0 errors, 0 left on base; Round Rock 10 - Pawtucket 2 |
|